 Dungeon Crawl Stone Soup version 0.30-a0-718-geaa24f58ff (webtiles) character file.

Game seed: 12993266188726690241

6904 ASSMAN the Tortoise (level 10, 0/83 HPs)
             Began as a Minotaur Fighter on Jan 25, 2023.
             Slain by a chaos spawn (12 damage)
             ... summoned by a kobold demonologist
             ... on level 9 of the Dungeon.
             The game lasted 00:11:44 (6899 turns).

ASSMAN the Tortoise (Minotaur Fighter)              Turns: 6899, Time: 00:11:45

Health: 0/83       AC: 31    Str: 29    XL:     10   Next: 79%
Magic:  9/9        EV: 11    Int:  5    God:
Gold:   549        SH:  5    Dex: 12    Spells: 9/9 levels left

rFire   . . .      SeeInvis .    a - +1 war axe
rCold   + . .      Faith    .    c - +0 buckler
rNeg    + + +      Spirit   .    C - +6 scale mail of Burning Amelioration {rC+ rN+++ Will+ Dex+3}
rPois   +          Reflect  .    F - +1 hat of Juwny {rPois Str+3}
rElec   .          Harm     .    t - +0 cloak
rCorr   .          Rampage  .    (no gloves)
Will    +....                    l - +2 pair of boots {Fly} Stlth
                                 (no amulet)
HPRegen 0.33/turn                f - +4 ring of protection
MPRegen 0.11/turn                q - +4 ring of protection

@: mighty, lethally poisoned (0 -> -1), flying
A: horns 2, retaliatory headbutt
a: no special abilities


You were on level 9 of the Dungeon.
You visited 2 branches of the dungeon, and saw 10 of its levels.
You also visited: Sewer.

You collected 549 gold pieces.

Inventory:

Hand Weapons
 a - a +1 war axe (weapon)
Armour
 c - a +0 buckler (worn)
 l - a +2 pair of boots of flying (worn)
 t - a +0 cloak (worn)
 C - the +6 scale mail of Burning Amelioration (worn) {rC+ rN+++ Will+ Dex+3}
   (You found it on level 7 of the Dungeon)

   Dex:       It affects your dexterity (+3).
   rC:        It protects you from cold.
   rN:        It renders you almost immune to negative energy.
   Will:      It increases your willpower.
 D - +0 acid dragon scales
 F - the +1 hat of Juwny (worn) {rPois Str+3}
   (You acquired it on level 8 of the Dungeon)

   Str:       It affects your strength (+3).
   rPois:     It protects you from poison.
Magical Staves
 p - a staff of cold
Jewellery
 f - a +4 ring of protection (left hand)
 q - a +4 ring of protection (right hand)
 B - a ring of resist corrosion
 H - a ring of fire
 I - an amulet of guardian spirit
Wands
 m - a wand of flame (38)
 n - a wand of digging (5)
 E - a wand of mindburst (19)
Scrolls
 b - 4 scrolls of enchant armour
 g - 9 scrolls of teleportation
 h - a scroll of amnesia
 j - a scroll of identify
 s - 2 scrolls of butterflies {unknown}
 v - 3 scrolls of noise {unknown}
 y - 2 scrolls of magic mapping {unknown}
 z - 2 scrolls of fear {unknown}
 G - a scroll of immolation {unknown}
 J - a scroll of enchant weapon
Potions
 d - 2 potions of might
 e - 4 potions of curing
 i - 4 potions of heal wounds
 k - a potion of flight {unknown}
 o - a potion of brilliance
 r - a potion of ambrosia
 u - 2 potions of resistance {unknown}
 w - 3 potions of magic {unknown}
 x - 2 potions of haste {unknown}
 A - a potion of mutation {unknown}


   Skills:
 + Level 6.0 Fighting
 + Level 13.7 Axes
 - Level 17.2 Armour
 + Level 2.5 Dodging
 - Level 4.9 Shields


You had 9 spell levels left.
You didn't know any spells.
Your spell library contained the following spells:

 Spells                   Type           Power      Damage    Failure   Level
 Sting                    Tmut/Pois      0%         1d3       75%         1
 Ensorcelled Hibernation  Hex/Ice        0%         N/A       86%         2
 Passwall                 Tmut/Erth      0%         N/A       86%         2
 Poisonous Vapours        Pois/Air       0%         N/A       86%         2
 Ignite Poison            Fire/Tmut/Pois 0%         N/A       98%         3
 Inner Flame              Hex/Fire       0%         N/A       98%         3
 Summon Guardian Golem    Hex/Summ       0%         N/A       98%         3
 Swiftness                Air            0%         N/A       98%         3
 Flame Wave               Conj/Fire      0%         2d4       100%        4
 Olgreb's Toxic Radiance  Pois           0%         N/A       100%        4
 Sticky Flame             Conj/Fire      0%         2d3       100%        4
 Orb of Destruction       Conj           0%         9d5       100%        7
 Spellforged Servitor     Conj/Summ      0%         N/A       100%        7
 Ignition                 Fire           0%         3d3       100%        8


Dungeon Overview and Level Annotations

Branches:
Dungeon (9/15)             Temple (1/1) D:7            Lair (0/5) D:8
  Sewer (visited)
    Orc: D:9-12

Altars:
Ashenzari
Cheibriados
Dithmenos
Elyvilon
Fedhas
Gozag
Hepliaklqana
Kikubaaqudgha
Makhleb
Nemelex Xobeh
Qazlal
Ru
Sif Muna
Trog
Uskayaw
Xom
Yredelemnul
Zin
The Shining One


Innate Abilities, Weirdness & Mutations

You have a pair of horns on your head.
You reflexively headbutt those who attack you in melee.


Message History

You miss the kobold demonologist. You headbutt the kobold demonologist.
The kobold demonologist is lightly wounded.
You hit the ice devil. You closely miss the crimson imp.
You feel sick.
The kobold demonologist closely misses you.
The crimson imp barely misses you.
The ice devil hits you but does no damage.
You barely miss the kobold demonologist.
The kobold demonologist is lightly wounded.
You slash the ice devil! You closely miss the crimson imp.
You feel sick.
You block the kobold demonologist's attack.
You closely miss the kobold demonologist.
The kobold demonologist is lightly wounded.
You hit the ice devil.
You hit the chaos spawn but do no damage.
You feel sick.
The ice devil hits you but does no damage.
The kobold demonologist hits you with a +0 mace.
* * * LOW HITPOINT WARNING * * *
You closely miss the kobold demonologist.
You headbutt the kobold demonologist!
The kobold demonologist is moderately wounded.
You barely miss the ice devil. You hit the chaos spawn.
You feel sick.
The ice devil hits you but does no damage.
The chaos spawn gores you.
* * * LOW HITPOINT WARNING * * *
The kobold demonologist casts a spell.
You slash the kobold demonologist!
The kobold demonologist is almost dead.
You hit the ice devil. You slash the chaos spawn! You hit the rust devil.
You feel sick.
The ice devil hits you but does no damage.
The chaos spawn hits you.
* * * LOW HITPOINT WARNING * * *
You miss the kobold demonologist.
The kobold demonologist is almost dead.
You slash the chaos spawn! You closely miss the rust devil.
You slash the ice devil!
You feel sick. The rust devil closely misses you.
You block the kobold demonologist's attack.
You block the ice devil's attack. The chaos spawn hits you!
You die...

...........##
............##
.............###
...............#########
............(....#.....#
........................
......).....###....####
............# ##...#
............# #)@4.#
...........## #4K4.#
).)........# #.^5..#
..........## #.......
..........# #........
..........# #..........
.........# ##..|......
........## ###.......
.##...###


You could see an ice devil (summoned), a rust devil (summoned), a kobold
demonologist, a chaos spawn (summoned) and a crimson imp (summoned).

Vanquished Creatures
  Amaemon (D:9)
  Maurice (D:8)
  Maggie (D:7)
  An orange demon (D:9)
  Grinder (D:5)
  A hornet (D:8)
  Sigmund (D:5)
  5 yaks
  A wyvern (D:9)
  3 water moccasins
  Duvessa (D:5)
  3 ice beasts
  3 orc warriors
  A black bear (D:6)
  An ogre (D:5)
  2 centaurs
  Blork the orc (D:5)
  A phantom (D:5)
  A kobold brigand (D:8)
  A gnoll sergeant (D:9)
  10 bullfrogs
  3 scorpions
  Dowan (D:5)
  14 killer bees (D:9)
  A howler monkey (D:5)
  A hound (D:6)
  3 jellies
  A gnoll bouda (D:6)
  3 orc priests
  6 iguanas
  8 orc wizards
  10 gnolls
  9 adders
  2 river rats (Sewer)
  A shadow imp (D:7)
  A white imp (D:7)
  4 ufetubi
  2 adder zombies (D:2)
  2 adder skeletons (D:2)
  4 worms
  2 dart slugs
  19 orcs
  4 bats
  A bat zombie (D:2)
  6 endoplasms
  4 giant cockroaches
  4 goblins
  8 hobgoblins
  2 jackals (D:1)
  11 kobolds
  4 quokkas
  18 ball pythons
  A ball python zombie (D:2)
  8 frilled lizards
  22 rats
231 creatures vanquished.

Vanquished Creatures (others)
  4 fungi (D:8)
  2 plants (D:8)
  A withered plant (D:2)
7 creatures vanquished.

Grand Total: 238 creatures vanquished

Notes
Turn   | Place    | Note
-------+----------+-------------------------------------------
     0 | D:1      | ASSMAN the Minotaur Fighter began the quest for the Orb.
     0 | D:1      | Reached XP level 1. HP: 19/19 MP: 0/0
   151 | D:1      | Reached XP level 2. HP: 27/27 MP: 1/1
   823 | D:2      | Reached skill level 4 in Armour
   823 | D:2      | Reached XP level 3. HP: 33/33 MP: 2/2
  1345 | D:2      | Reached XP level 4. HP: 38/40 MP: 3/3
  1803 | D:3      | Found a glowing drain.
  1818 | Sewer    | Entered a sewer
  1902 | Sewer    | Reached XP level 5. HP: 45/47 MP: 4/4
  2028 | Sewer    | Reached skill level 5 in Axes
  2029 | Sewer    | Reached XP level 6. HP: 24/55 MP: 5/5
  2033 | Sewer    | Reached skill level 5 in Fighting
  2033 | Sewer    | Reached skill level 5 in Armour
  2183 | Sewer    | Identified a scroll of acquirement
  2183 | Sewer    | Acquired a manual of Armour
  2606 | D:4      | Reached skill level 6 in Armour
  2648 | D:4      | Reached XP level 7. HP: 61/61 MP: 6/6
  2815 | D:4      | Reached skill level 7 in Armour
  3051 | D:5      | Entered Level 5 of the Dungeon
  3089 | D:5      | Noticed Sigmund
  3118 | D:5      | Killed Sigmund
  3119 | D:5      | Reached skill level 8 in Armour
  3256 | D:5      | Reached skill level 9 in Armour
  3349 | D:5      | Noticed Blork the orc
  3351 | D:5      | Noticed Grinder
  3360 | D:5      | Killed Blork the orc
  3361 | D:5      | Reached XP level 8. HP: 61/68 MP: 7/7
  3370 | D:5      | Killed Grinder
  3371 | D:5      | Reached skill level 10 in Armour
  3430 | D:5      | Noticed Duvessa
  3430 | D:5      | Noticed Dowan
  3437 | D:5      | Killed Duvessa
  3441 | D:5      | Killed Dowan
  3442 | D:5      | Reached skill level 11 in Armour
  3660 | D:5      | Found a white marble altar of Elyvilon.
  3906 | D:6      | Reached skill level 12 in Armour
  4228 | D:6      | Reached skill level 10 in Axes
  4228 | D:6      | Reached XP level 9. HP: 74/74 MP: 8/8
  4257 | D:6      | Found a sacrificial altar of Ru.
  4499 | D:7      | Reached skill level 13 in Armour
  4691 | D:7      | Found a staircase to the Ecumenical Temple.
  4696 | D:7      | Identified the +6 scale mail of Burning Amelioration {rC+
                  | rN+++ Will+ Dex+3}
  4722 | D:7      | Found a burning altar of Makhleb.
  4792 | D:7      | Reached skill level 14 in Armour
  4906 | D:7      | Found an ancient bone altar of Kikubaaqudgha.
  4959 | Temple   | Entered the Ecumenical Temple
  5036 | D:7      | Noticed Maggie
  5043 | D:7      | Killed Maggie
  5044 | D:7      | Reached skill level 15 in Armour
  5201 | D:7      | Found a broken altar of Ashenzari.
  5217 | D:7      | Found a shadowy altar of Dithmenos.
  5398 | D:8      | Noticed Maurice
  5451 | D:8      | Killed Maurice
  5654 | D:8      | Acquired the +1 hat of Juwny {rPois Str+3}
  5683 | D:8      | Found an opulent altar of Gozag.
  5712 | D:8      | Reached XP level 10. HP: 81/81 MP: 9/9
  5715 | D:8      | Reached skill level 16 in Armour
  5735 | D:8      | Found a snail-covered altar of Cheibriados.
  5846 | D:8      | Found a staircase to the Lair.
  6099 | D:8      | Found a glowing silver altar of Zin.
  6099 | D:8      | Noticed an angel
  6202 | D:9      | Noticed an orange demon
  6202 | D:9      | Noticed Amaemon
  6482 | D:9      | Reached skill level 17 in Armour
  6679 | D:9      | Found a glowing golden altar of the Shining One.
  6889 | D:9      | Killed Amaemon
  6893 | D:9      | Killed an orange demon
  6898 | D:9      | Noticed a rust devil
  6899 | D:9      | Slain by a chaos spawn

Illustrated notes

Levels and vault maps discovered:
D:1:      kennysheep_arrival_seaside, layout_loops_ring, serial_glass,
          glass_columns_a, glass_columns_b
D:2:      layout_loops_ring, serial_undead, serial_undead_d, serial_undead_b,
          serial_undead_c, serial_undead_a, grunt_decor_fettered, minmay_cut_off
D:3:      layout_loops_ring, cheibrodos_sewer_entry_drain,
          kennysheep_generic_room_5
D:4:      layout_rooms
D:5:      layout_rooms, mainiacjoe_overflow_small_starburst, uniq_blork_the_orc,
          uniq_sigmund, uniq_duvessa, uniq_grinder
D:6:      layout_loops_ring, mainiacjoe_overflow_alcove_2
D:7:      layout_rooms, mainiacjoe_overflow_swirl, bloody_makhleb,
          lemuel_round_altar, minmay_temple_entry_statues_fountains, uniq_maggie
D:8:      layout_cave_pools, mainiacjoe_overflow_24_doors, zin_angel,
          lemuel_tele_altar, grunt_lair_entry_orc_guard_hut, uniq_maurice
D:9:      layout_cave_pods, mainiacjoe_overflow_six_doors_small,
          grunt_temple_overflow_diamond, eino_tiny_chamber, eino_curves_01,
          uniq_amaemon
Temple:   hellmonk_temple_rainy

Skill      XL: |  1  2  3  4  5  6  7  8  9 10 |
---------------+-------------------------------+-----
Axes           | 3 4 5 6 7 10 12 13 | 13.7
Fighting       | 4 5 6 |  6.0
Armour         | 4 6 9 12 15 17 | 17.2
Shields        | 4 |  4.9
Dodging        | 2 |  2.5

Action                     |  1- 3 |  4- 6 |  7- 9 | 10-12 || total
---------------------------+-------+-------+-------+-------++-------
  Melee: War axe           |    79 |   136 |   299 |   129 ||   643
         Headbutt          |    11 |    16 |    54 |    27 ||   108
    Use: Scroll            |       |    11 |     3 |     1 ||    15
         Potion            |       |       |     2 |     1 ||     3
 Armour: Scale mail        |    45 |   102 |    67 |   124 ||   338
         Chain mail        |       |    24 |   145 |       ||   169
  Dodge: Dodged            |    36 |    93 |   111 |   102 ||   342
  Block: Buckler           |    15 |    45 |    45 |    48 ||   153

Table legend: (Time is in decaauts)
 A = Elapsed time spent in this place.
 B = Non-inter-level travel time spent in this place.
 C = Inter-level travel time spent in this place.
 D = Time resting spent in this place.
 E = Time spent auto-exploring this place.
 F = Levels seen in this place.
 G = Mean time per level.
                   A        B        C        D        E       F      G
               +--------+--------+--------+--------+--------+-----+--------+
         Total |   7024 |   6793 |    231 |    393 |   4936 |  11 |  638.5 |
       Dungeon |   6506 |   6284 |    222 |    393 |   4632 |   9 |  722.9 |
        Temple |     53 |     44 |      9 |      0 |     39 |   1 |   53.0 |
         Sewer |    464 |    464 |      0 |      0 |    265 |   1 |  464.0 |
               +--------+--------+--------+--------+--------+-----+--------+

Top non-repeatable levels by time:
     D:8: 878 daAuts
     D:7: 812 daAuts
     D:1: 780 daAuts
     D:3: 764 daAuts
     D:9: 740 daAuts
     D:5: 738 daAuts
     D:2: 662 daAuts
     D:6: 622 daAuts
     D:4: 505 daAuts
   Sewer: 464 daAuts
  Temple: 53 daAuts
